 Dungeon Crawl Stone Soup version 0.31-a0-1074-g0b22e4e0f1 (webtiles) character file.

Game seed: 6844747688196557884

6 soberseth the Firebug (level 1, 0/14 HPs)
             Began as a Hill Orc Fire Elementalist on Dec 6, 2023.
             Slain by a bat (1 damage)
             ... on level 1 of the Dungeon on Dec 7, 2023.
             The game lasted 00:04:12 (128 turns).

soberseth the Firebug (Hill Orc Fire Elementalist)   Turns: 128, Time: 00:04:15

Health: 0/14       AC:  2    Str: 10    XL:     1   Next: 90%
Magic:  1/3        EV: 12    Int: 15    God:
Gold:   25         SH:  0    Dex: 11    Spells: 2/3 levels left

rFire   . . .        (no weapon)
rCold   . . .        (no shield)
rNeg    . . .        a - +0 robe
rPois   .            (no helmet)
rElec   .            (no cloak)
rCorr   .            (no gloves)
SInv    .            (no boots)
Will    .....        (no amulet)
Stlth   ++           (no ring)
HPRegen 0.22/turn    (no ring)
MPRegen 0.08/turn

%: no passive effects
@: no status effects
A: no striking features
a: no special abilities


You were on level 1 of the Dungeon.
You visited 1 branch of the dungeon, and saw 1 of its levels.

You collected 25 gold pieces.

Inventory:

Armour
 a - a +0 robe (worn)
Scrolls
 d - a scroll of teleportation {unknown}
 e - a scroll of enchant armour {unknown}
Potions
 c - 2 potions of might {unknown}
 f - 2 potions of berserk rage {unknown}


   Skills:
 + Level 1.6 Dodging
 + Level 1.5 Stealth
 + Level 1.7 Spellcasting
 + Level 1.0 Conjurations
 + Level 3.5 Fire Magic


You had 2 spell levels left.
You knew the following spells:

 Your Spells              Type           Power      Damage    Failure   Level
a - Foxfire               Conj/Fire      32%        2x1d5     9%          1

Your spell library contained the following spells:

 Spells                   Type           Power      Damage    Failure   Level
 Scorch                   Fire           24%        2d6       8%          2
 Inner Flame              Hex/Fire       6%         N/A       32%         3
 Volatile Blastmotes      Fire/Tloc      12%        2d11      32%         3
 Flame Wave               Conj/Fire      8%         2d5       65%         4


Dungeon Overview and Level Annotations

Branches:
Dungeon (1/15)

Altars:


Message History

Press: ? - help, Q - select action Dir - look around, f - activate You conjure some foxfire!
The bat barely misses you. The bat hits you but does no damage.
The endoplasm freezes you.
You are frozen.
You hit the bat but do no damage.
The foxfire hits the endoplasm.
The endoplasm is heavily wounded.
The foxfire hits the endoplasm.
The endoplasm is heavily wounded.
The bat barely misses you.
The endoplasm hits you but does no damage.
The bat barely misses you. The bat hits you. The bat closely misses you.
The endoplasm attacks as it pursues you!
The endoplasm hits you.
You see here 5 gold pieces.
You hit the endoplasm.
The endoplasm is severely wounded.
The bat barely misses you. x2
The endoplasm freezes you.
You are frozen.
You hit the endoplasm.
The endoplasm is almost dead.
The bat misses you. The bat hits you but does no damage.
The endoplasm freezes you.
You are frozen.
* * * LOW HITPOINT WARNING * * *
The bat barely misses you.
You hit the endoplasm.
You kill the endoplasm!
The bat hits you.
* * * LOW HITPOINT WARNING * * *
The bat barely misses you.
Casting: Foxfire (safe; 9% risk of failure)
Press: ? - help, Q - select action Dir - look around, f - activate You conjure some foxfire!
The foxfire hits the bat.
The bat is heavily wounded.
The bat closely misses you. The bat hits you.
You die...

#.........#..######
##.######.#..#....#
....)[.......#.##.#
##.##..##.##......#
#..#....#.#....##.#
........#.#############
......###.............##
...............vb.......
.............#.b@.###
.).....###...#.##.#
)......# #.###.# .#
........>#.# #.# ..
####+###.#.# #.# ###
.... ..# ### ###


You could see 2 bats.

Vanquished Creatures
  A ball python (D:1)
  An endoplasm (D:1)
  3 goblins (D:1)
5 creatures vanquished.

Vanquished Creatures (others)
  10 foxfires (D:1)
10 creatures vanquished.

Grand Total: 15 creatures vanquished

Notes
Turn   | Place    | Note
-------+----------+-------------------------------------------
     0 | D:1      | soberseth the Hill Orc Fire Elementalist began the quest
                  | for the Orb.
     0 | D:1      | Reached XP level 1. HP: 14/14 MP: 3/3
   128 | D:1      | Slain by a bat

Illustrated notes

Levels and vault maps discovered:
D:1:      roderic_chinese_lattice_arrival, layout_basic, nicolae_grassy_gnolls

Action                     || total
---------------------------++-------
  Melee: Unarmed           ||     6
   Cast: Foxfire           ||     8
    Use: Potion            ||     1
 Armour: Robe              ||    14
  Dodge: Dodged            ||    19

Table legend: (Time is in decaauts)
 A = Elapsed time spent in this place.
 B = Non-inter-level travel time spent in this place.
 C = Inter-level travel time spent in this place.
 D = Time resting spent in this place.
 E = Time spent auto-exploring this place.
 F = Levels seen in this place.
 G = Mean time per level.
                   A        B        C        D        E       F      G
               +--------+--------+--------+--------+--------+-----+--------+
         Total |    128 |     76 |     52 |      0 |      0 |   1 |  128.0 |
       Dungeon |    128 |     76 |     52 |      0 |      0 |   1 |  128.0 |
               +--------+--------+--------+--------+--------+-----+--------+

Top non-repeatable levels by time:
     D:1: 128 daAuts
